 Dungeon Crawl Stone Soup version 0.31-a0-1540-g5a0b83f448 (webtiles) character file.

Game seed: 16348622722743852962

958 pokeman the Thaumaturge (level 7, -6/40 HPs)
             Began as a Deep Elf Hedge Wizard on Jan 2, 2024.
             Mangled by a gnoll sergeant
             ... wielding a +0 glaive
              (11 damage)
             ... in a bailey.
             The game lasted 00:10:45 (4574 turns).

pokeman the Thaumaturge (Deep Elf Hedge Wizard)     Turns: 4574, Time: 00:10:45

Health: -6/40      AC:  2    Str:  3    XL:     7   Next: 91%
Magic:  0/21       EV: 13    Int: 24    God:
Gold:   97         SH:  0    Dex: 21    Spells: 16/24 levels left

rFire   . . .        w - +3 hand axe of Domination {protect, rC+ Str-4 Int+3 Dex+7}
rCold   + . .        (no shield)
rNeg    . . .        b - +0 robe
rPois   +            c - +0 hat
rElec   .            (no cloak)
rCorr   .            (no gloves)
SInv    .            (no boots)
Will    .....        (no amulet)
Stlth   +++          e - ring of poison resistance
HPRegen 0.26/turn    (no ring)
MPRegen 0.17/turn

%: no passive effects
@: weakened
A: no striking features
a: no special abilities


You were in a bailey.
You visited 2 branches of the dungeon, and saw 6 of its levels.
You also visited: Bailey.

You collected 161 gold pieces.
You spent 64 gold pieces at shops.

Inventory:

Hand Weapons
 w - the +3 hand axe of Domination (weapon) {protect, rC+ Str-4 Int+3 Dex+7}
   (You found it on level 7 of the Dungeon)

   Str-4:     It affects your strength (-4).
   Int+3:     It affects your intelligence (+3).
   Dex+7:     It affects your dexterity (+7).
   rC+:       It protects you from cold.
Armour
 b - a +0 robe (worn)
 c - a +0 hat (worn)
 v - an orb of guile
Jewellery
 e - a ring of poison resistance (left hand)
 q - an amulet of guardian spirit
Scrolls
 g - a scroll of teleportation {unknown}
 h - 4 scrolls of immolation {unknown}
 k - 2 scrolls of enchant weapon {unknown}
 l - a scroll of torment {unknown}
 m - a scroll of silence {unknown}
 n - 3 scrolls of fog {unknown}
 o - a scroll of enchant armour {unknown}
 r - a scroll of vulnerability {unknown}
 t - a scroll of butterflies {unknown}
 u - a scroll of amnesia {unknown}
Potions
 d - a potion of magic
 f - 3 potions of heal wounds {unknown}
 i - 3 potions of curing {unknown}
 j - 3 potions of ambrosia {unknown}
 p - 2 potions of brilliance {unknown}
 s - 3 potions of degeneration {unknown}


   Skills:
 - Level 2.0 Fighting
 + Level 2.1 Armour
 - Level 3.0 Dodging
 - Level 3.0 Stealth
 * Level 9.3 Spellcasting
 + Level 4.7 Conjurations
 - Level 1.1 Summonings
 - Level 1.1 Translocations
 - Level 1.1 Air Magic
 - Level 1.1 Alchemy


You had 16 spell levels left.
You knew the following spells:

 Your Spells              Type           Power      Damage    Failure   Level
a - Magic Dart            Conj           100%       1d8       1%          1
b - Mephitic Cloud        Conj/Alch/Air  22%        N/A       7%          3
c - Call Imp              Summ           32%        N/A       5%          2
d - Blink                 Tloc           32%        N/A       5%          2

Your spell library contained the following spells:

 Spells                   Type           Power      Damage    Failure   Level
 Slow                     Hex            44%        N/A       6%          1
 Cigotuvi's Dreadful Rot  Necr/Alch/Air  28%        N/A       6%          2


Dungeon Overview and Level Annotations

Branches:
Dungeon (7/15)             Temple (1/1) D:7          Bailey (1/1)

Altars:
Ashenzari
Cheibriados
Dithmenos
Elyvilon
Fedhas
Kikubaaqudgha
Nemelex Xobeh
Okawaru
Qazlal
Ru
Trog
Wu Jian
Xom
Yredelemnul
Zin
The Shining One

Shops:
D:3 [   D:7 *

Annotations:
D:7 Joseph


Message History

The gnoll bouda drowns.
You hear a splash. x2
Unknown command.
A gnoll comes into view.
It is wielding a +0 trident and quivering a throwing net.
A gnoll sergeant comes into view. It is wielding a +0 glaive.
The gnoll throws a throwing net.
The throwing net barely misses you.
Casting: Mephitic Cloud (dangerous; 7% risk of failure)
Confirm with . or Enter, or press ? or * to list all spells.
Aiming: Mephitic Cloud (dangerous; 7% risk of failure)
Press: ? - help, Shift-Dir - straight line, f - gnoll
Aim: a gnoll, wielding a +0 trident and wearing a +0 scale mail (chance to affect: 91%)
The ball explodes into a vile cloud!
The stinking cloud engulfs the gnoll.
The gnoll sergeant shouts!
You hear a howl!
The gnoll is engulfed in noxious fumes.
The gnoll appears confused.
The gnoll falls into the water!
The gnoll drowns.
You hear a splash. x2
Unknown command.
The gnoll sergeant hits you from afar with a +0 glaive!
The gnoll sergeant hits you from afar with a +0 glaive!!
Ouch! That really hurt!
* * * LOW HITPOINT WARNING * * *
Casting: Mephitic Cloud (dangerous; 7% risk of failure)
Confirm with . or Enter, or press ? or * to list all spells.
You blink.
A gnoll bouda comes into view.
It is wielding a +1 hand axe of freezing.
The gnoll shouts!
The gnoll bouda shouts!
You hear a howl!
A wolf comes into view.
The gnoll bouda gazes fiercely through you!
You feel your attacks grow feeble.
The wolf moves out of view.
The gnoll bouda barks out a call to the hunt!
The gnolls pick up the pace!
The gnoll sergeant attacks as it pursues you!
The gnoll sergeant barely misses you. The gnoll attacks as it pursues you!
The gnoll barely misses you.
You feel ready to blink again. The gnoll closely misses you.
The gnoll sergeant hits you from afar with a +0 glaive!
You die...

##'## ♣≈ #...# ≈♣ ♣≈#
#...# #≈♣ ♣≈. #...#
.≈♣
♣≈.######'''######.≈♣
♣≈...○.....hg......≈♣
♣≈≈..○.....g......≈≈♣
♣≈≈≈≈≈≈≈...≈≈≈≈≈≈≈♣
♣§.......g.@....♣
♣♣♣(..........♣♣♣
♣♣.......♣♣♣♣
♣♣♣♣.∩.♣♣ ♣♣.♣♣ ♣)♣
♣∩♣ ###


You could see a gnoll sergeant (swift), a wolf, a gnoll bouda and a gnoll
(swift).

Vanquished Creatures
  3 wolves (Bailey)
  4 gnoll sergeants (Bailey)
  A scorpion (D:4)
  2 hounds (Bailey)
  3 gnoll boudas (Bailey)
  An orc priest (D:3)
  An orc wizard (D:4)
  7 gnolls (Bailey)
  6 adders
  4 dart slugs
  A ribbon worm (D:2)
  12 orcs
  2 endoplasms
  A giant cockroach (D:4)
  8 goblins
  11 hobgoblins
  4 jackals (D:1)
  4 quokkas
  2 ball pythons
  3 bats (D:2)
  4 frilled lizards
  5 kobolds
  4 rats
93 creatures vanquished.

Vanquished Creatures (collateral kills)
  An orc (D:4)
1 creature vanquished.

Grand Total: 94 creatures vanquished

Notes
Turn   | Place    | Note
-------+----------+-------------------------------------------
     0 | D:1      | pokeman the Deep Elf Hedge Wizard began the quest for the
                  | Orb.
     0 | D:1      | Reached XP level 1. HP: 10/10 MP: 7/7
   359 | D:1      | Reached XP level 2. HP: 15/15 MP: 4/9
   975 | D:1      | Reached skill level 5 in Spellcasting
  1158 | D:2      | Reached XP level 3. HP: 20/20 MP: 6/11
  1162 | D:2      | Learned a level 3 spell: Mephitic Cloud
  1165 | D:2      | Learned a level 2 spell: Call Imp
  1168 | D:2      | Learned a level 2 spell: Blink
  1356 | D:2      | Reached skill level 1 in Fighting
  1597 | D:2      | Reached skill level 1 in Armour
  1893 | D:2      | Reached XP level 4. HP: 25/25 MP: 6/13
  2487 | D:3      | Found a shadowy altar of Dithmenos.
  2580 | D:3      | Found an ancient bone altar of Kikubaaqudgha.
  2642 | D:3      | Found Okas Qee's Armour Emporium.
  2748 | D:3      | Found a faded altar of an unknown god.
  3327 | D:3      | Reached skill level 6 in Spellcasting
  3402 | D:3      | Reached XP level 5. HP: 22/29 MP: 11/15
  3773 | D:4      | Reached skill level 1 in Air Magic
  3773 | D:4      | Reached skill level 1 in Alchemy
  3982 | D:4      | You fall into a shaft and drop 3 floors!
  4031 | D:7      | Found Bilupp Cori's Assorted Antiques.
  4039 | D:7      | Identified the +3 hand axe of Domination {protect, rC+
                  | Str-4 Int+3 Dex+7}
  4048 | D:7      | Bought a scroll labelled MIOFUTSAONE for 34 gold pieces
  4048 | D:7      | Bought a coppery potion for 30 gold pieces
  4048 | D:7      | Found a staircase to the Ecumenical Temple.
  4059 | Temple   | Entered the Ecumenical Temple
  4070 | D:7      | Noticed Joseph
  4147 | D:7      | Found a flagged portal.
  4169 | Bailey   | Entered a bailey
  4178 | Bailey   | Reached XP level 6. HP: 20/34 MP: 0/17
  4183 | Bailey   | Reached skill level 7 in Spellcasting
  4401 | Bailey   | Reached skill level 8 in Spellcasting
  4401 | Bailey   | Reached XP level 7. HP: 23/40 MP: 9/20
  4481 | Bailey   | Identified the +2 troll leather armour of the Shoals
                  | {^Contam rC+ Regen+ Int+4}
  4532 | Bailey   | Reached skill level 9 in Spellcasting
  4574 | Bailey   | Mangled by a gnoll sergeant

Illustrated notes

Levels and vault maps discovered:
D:1:      elethiomel_arrival_shortcut, layout_basic
D:2:      layout_basic
D:3:      layout_basic, nicolae_overflow_ecumenical_swirl,
          grunt_temple_overflow_open, serial_shops,
          nicolae_shop_tiny_real_fake_doors
D:4:      layout_loops_ring, gammafunk_ghost_cemetery
D:7:      layout_cave_pools, kennysheep_little_box, temple_statues,
          serial_shops, shop, shop, enter_bailey_5, uniq_joseph
Temple:   compressed_dpeg_circular_temple
Bailey:   bailey_polearm_gnolls_kennysheep, bailey

Skill      XL: |  1  2  3  4  5  6  7 |
---------------+----------------------+-----
Spellcasting   | 5 6 8 9 |  9.3
Fighting       | 1 2 |  2.0
Armour         | 1 2 |  2.1
Conjurations   | 2 3 4 |  4.7
Dodging        | 3 |  3.0
Stealth        | 3 |  3.0
Air Magic      | 1 |  1.1
Alchemy        | 1 |  1.1
Summonings     | |  1.1
Translocations | |  1.1

Action                     |  1- 3 |  4- 6 |  7- 9 || total
---------------------------+-------+-------+-------++-------
  Melee: Dagger            |       |    41 |       ||    41
         Hand axe          |       |    19 |     2 ||    21
   Cast: Magic Dart        |   108 |   109 |    15 ||   232
         Mephitic Cloud    |       |    12 |     7 ||    19
         Call Imp          |       |     4 |       ||     4
         Blink             |       |       |     1 ||     1
   Stab: Sleeping          |       |     2 |       ||     2
         Confused          |       |     8 |     1 ||     9
 Armour: Robe              |     9 |    26 |     5 ||    40
  Dodge: Dodged            |     9 |    68 |     6 ||    83

Table legend: (Time is in decaauts)
 A = Elapsed time spent in this place.
 B = Non-inter-level travel time spent in this place.
 C = Inter-level travel time spent in this place.
 D = Time resting spent in this place.
 E = Time spent auto-exploring this place.
 F = Levels seen in this place.
 G = Mean time per level.
                   A        B        C        D        E       F      G
               +--------+--------+--------+--------+--------+-----+--------+
         Total |   4581 |   4479 |    102 |    147 |   3525 |   7 |  654.4 |
       Dungeon |   4169 |   4067 |    102 |    112 |   3319 |   5 |  833.8 |
        Temple |      1 |      1 |      0 |      0 |      0 |   1 |    1.0 |
        Bailey |    410 |    410 |      0 |     35 |    206 |   1 |  410.0 |
               +--------+--------+--------+--------+--------+-----+--------+

Top non-repeatable levels by time:
     D:2: 1294 daAuts
     D:1: 1154 daAuts
     D:3: 994 daAuts
     D:4: 539 daAuts
  Bailey: 410 daAuts
     D:7: 185 daAuts
  Temple: 1 daAuts
